 Dungeon Crawl Stone Soup version 0.32-a0-779-g362cfcae2a (webtiles) character file.

Game seed: 16729875285649934196

93 hikkokomori the Shield-Bearer (level 4, -7/38 HPs)
             Began as a Mountain Dwarf Fighter on Mar 19, 2024.
             Killed from afar by Natasha (11 damage)
             ... with a magic dart
             ... on level 2 of the Dungeon.
             The game lasted 00:02:58 (1374 turns).

hikkokomori the Shield-Bearer (MDFi)                Turns: 1374, Time: 00:02:58

Health: -7/38      AC:  7    Str: 19    XL:     4   Next: 36%
Magic:  5/5        EV: 16    Int: 10    God:
Gold:   149        SH:  0    Dex:  9    Spells: 4/5 levels left

rFire   + + .        a - melded +0 war axe
rCold   + + .        c - melded +0 buckler
rNeg    + + +        b - melded +0 scale mail
rPois   ∞            n - melded +0 hat
rElec   +            (cloak currently unavailable)
rCorr   +            (gloves currently unavailable)
SInv    .            (boots currently unavailable)
Will    .....        (amulet currently unavailable)
Stlth   +            h - melded ring of magical power
HPRegen 0.26/turn    (ring currently unavailable)
MPRegen 0.09/turn

%: no passive effects
@: brilliant, wisp-form (expiring), flying, slowed, very slow
A: insubstantial, flying, no casting, tiny, runic magic, artefact enchanting
a: no special abilities


You were on level 2 of the Dungeon.
You were an insubstantial wisp.
You visited 1 branch of the dungeon, and saw 2 of its levels.

You collected 149 gold pieces.

Inventory:

Hand Weapons
 a - a +0 war axe (melded)
Armour
 b - a +0 scale mail (melded)
 c - a +0 buckler (melded)
 m - a +0 plate armour
 n - a +0 hat (melded)
Jewellery
 h - a ring of magical power (melded)
 o - a +6 ring of intelligence
Scrolls
 l - 2 scrolls of fog
Potions
 d - a potion of might
 e - a potion of mutation


   Skills:
 - Level 3.5 Fighting
 + Level 3.5 Axes
 - Level 3.5 Armour
 + Level 4.0 Shields
 + Level 1.1 Spellcasting
 + Level 1.8 Fire Magic


You had 4 spell levels left.
You knew the following spells:

 Your Spells              Type           Power      Damage    Failure   Level
a - Foxfire               Conj/Fire      12%        2x1d4     24%         1

Your spell library contained the following spells:

 Spells                   Type           Power      Damage    Failure   Level
 Plasma Beam              Fire/Air       1%         2x1d11    100%        6
 Starburst                Conj/Fire      1%         6d3       100%        6


Dungeon Overview and Level Annotations

Branches:
Dungeon (2/15)

Altars:

Shops:
D:2 *

Annotations:
D:2 Natasha


Innate Abilities, Weirdness & Mutations

You are an insubstantial wisp.
Your tiny insubstantial body is highly resistant to most damage types.
You are flying.
Your equipment is entirely melded.
You are incapable of wielding weapons or throwing items.
You cannot cast spells.
Your spellcasting is much less encumbered by armour.
You can use scrolls of enchantment on lesser artefacts.


Message History

The cerulean imp completely misses you. The cerulean imp barely misses you.
Natasha barely misses you.
This is a scroll of acquirement!
Something appears at your feet!
The cerulean imp hits you but does no damage. x2
Natasha claws you.
* * * LOW HITPOINT WARNING * * *
The cerulean imp misses you.
Unknown command.
It was a potion of curing.
You feel better.
The cerulean imp hits you but does no damage.
Natasha claws you but does no damage. The cerulean imp misses you.
The cerulean imp barely misses you. Natasha closely misses you.
As you read the scroll labelled WIEWNU UVABAGE, it crumbles to dust.
It is a scroll of amnesia.
Okay, then.
Your transformation is almost over.
The cerulean imp hits you with a +0 spear.
* * * LOW HITPOINT WARNING * * *
The cerulean imp barely misses you. Natasha closely misses you.
The cerulean imp misses you.
As you read the scroll labelled MUTIOJ CAI, it crumbles to dust.
It is a scroll of identify.
e - a potion of mutation The cerulean imp disappears in a puff of smoke!
The cerulean imp hits you from afar with a +0 spear.
* * * LOW HITPOINT WARNING * * *
Natasha misses you. The cerulean imp misses you. Natasha misses you.
It was a potion of brilliance.
You feel clever all of a sudden.
The cerulean imp hits you but does no damage.
Natasha misses you.
Okay, then.
Natasha barely misses you. The cerulean imp completely misses you.
The cerulean imp attacks as it pursues you!
The cerulean imp closely misses you. Natasha casts a spell at you.
The magic dart hits you!
You die...
Natasha begins licking her fur clean.

#.#.#.#.# #.#
#.#.#<#.# #.#
#.#.###.# #.#
#.#.....# #.#
#.#########.#
#...........#
###.#########
#ß#############
#...§§5§hv§§..#
#<##########.##
#.# #.# #∩# #.#
#.# #.# #ß# #.#
#.# #.# #.# #.#
# #.# #.#


You could see Natasha.

Vanquished Creatures
  Natasha (D:2)
  3 adders (D:2)
  A dart slug (D:1)
  A ribbon worm (D:2)
  7 endoplasms
  4 giant cockroaches
  4 goblins
  3 hobgoblins
  4 jackals (D:1)
  A kobold (D:1)
  A quokka (D:1)
  2 ball pythons
  A bat (D:1)
  A rat (D:2)
34 creatures vanquished.

Notes
Turn   | Place    | Note
-------+----------+-------------------------------------------
     0 | D:1      | hikkokomori the Mountain Dwarf Fighter began the quest for
                  | the Orb.
     0 | D:1      | Reached XP level 1. HP: 19/19 MP: 1/1
   205 | D:1      | Reached XP level 2. HP: 26/26 MP: 2/2
   268 | D:1      | Learned a level 1 spell: Foxfire
   464 | D:1      | Found a faded altar of an unknown god.
   651 | D:1      | Reached XP level 3. HP: 30/31 MP: 3/3
   776 | D:2      | Found Geciosem's Assorted Antiques.
   817 | D:2      | Reached skill level 1 in Fire Magic
  1189 | D:2      | Noticed Natasha
  1190 | D:2      | Reached XP level 4. HP: 38/38 MP: 5/5
  1202 | D:2      | Killed Natasha
  1203 | D:2      | Reached skill level 4 in Shields
  1203 | D:2      | Reached skill level 1 in Spellcasting
  1350 | D:2      | Noticed Natasha
  1367 | D:2      | Identified a scroll of acquirement
  1367 | D:2      | Acquired the +2 pair of boots "Weuhaka" {+Inv rPois Will+}
  1374 | D:2      | Killed from afar by Natasha

Illustrated notes

Levels and vault maps discovered:
D:1:      dpeg_arrival_shrine, layout_basic,
          shapermc_ecumenical_altar_starsandcircs, minmay_tetromino_s4
D:2:      layout_basic, serial_shops, shop_statue, uniq_natasha,
          uniq_crazy_yiuf_cottage

Skill      XL: |  1  2  3  4 |
---------------+-------------+-----
Axes           | 3 |  3.5
Fire Magic     | 1 |  1.8
Shields        | 4 |  4.0
Spellcasting   | 1 |  1.1
Fighting       | |  3.5
Armour         | |  3.5

Action                     |  1- 3 |  4- 6 || total
---------------------------+-------+-------++-------
  Melee: War axe           |    86 |    19 ||   105
         Unarmed           |       |     1 ||     1
    Use: Scroll            |       |     4 ||     4
         Potion            |       |     2 ||     2
 Armour: Scale mail        |    76 |    27 ||   103
         Skin              |       |    11 ||    11
  Dodge: Dodged            |    43 |    24 ||    67
  Block: Buckler           |    13 |     5 ||    18

Table legend: (Time is in decaauts)
 A = Elapsed time spent in this place.
 B = Non-inter-level travel time spent in this place.
 C = Inter-level travel time spent in this place.
 D = Time resting spent in this place.
 E = Time spent auto-exploring this place.
 F = Levels seen in this place.
 G = Mean time per level.
                   A        B        C        D        E       F      G
               +--------+--------+--------+--------+--------+-----+--------+
         Total |   1419 |   1401 |     18 |     22 |   1044 |   2 |  709.5 |
       Dungeon |   1419 |   1401 |     18 |     22 |   1044 |   2 |  709.5 |
               +--------+--------+--------+--------+--------+-----+--------+

Top non-repeatable levels by time:
     D:1: 768 daAuts
     D:2: 650 daAuts
